 Dungeon Crawl Stone Soup version 0.31-a0-636-ge1c0e020e0 (webtiles) character file.

Game seed: 1783563632393910608

114 AtlasWard the Cudgeller (level 4, 0/30 HPs)
             Began as a Gargoyle Monk on Aug 27, 2023.
             Shot with an arrow by a centaur (7 damage)
             ... on level 4 of the Dungeon.
             The game lasted 00:03:10 (1302 turns).

AtlasWard the Cudgeller (Gargoyle Monk)             Turns: 1302, Time: 00:03:11

Health: 0/30       AC: 10    Str: 16    XL:     4   Next: 97%
Magic:  4/4        EV: 11    Int: 11    God:
Gold:   98         SH:  0    Dex: 12    Spells: 3/3 levels left

rFire   . . .        b - +1 hand axe (elec)
rCold   . . .        d - orb {light}
rNeg    + . .        q - +0 ring mail
rPois   ∞            p - +0 helmet
rElec   +            (no cloak)
rCorr   .            f - +0 pair of gloves {hurl}
SInv    .            (no boots)
Will    .....        (no amulet) Stlth
                     (no ring)
HPRegen 0.25/turn    (no ring)
MPRegen 0.09/turn

%: no passive effects
@: confused, ambrosia-drunk, glowing
A: sickness immunity, AC +3, negative energy resistance 1, electricity
resistance, torment resistance 1, petrification resistance
a: no special abilities


You were on level 4 of the Dungeon.
You visited 1 branch of the dungeon, and saw 5 of its levels.

You collected 98 gold pieces.

Inventory:

Hand Weapons
 a - a +0 mace
 b - a +1 hand axe of electrocution (weapon)
Armour
 d - an orb of light (worn)
 f - a +0 pair of gloves of hurling (worn)
 n - a +0 robe
 p - a +0 helmet (worn)
 q - a +0 ring mail (worn)
Jewellery
 m - an amulet of guardian spirit
Scrolls
 e - 3 scrolls of teleportation {unknown}
 g - a scroll of silence {unknown}
 i - a scroll of fog {unknown}
 k - a scroll of fear {unknown}
Potions
 h - a potion of lignification {unknown}
 j - a potion of enlightenment {unknown}
 l - a potion of heal wounds {unknown}
 o - a potion of might {unknown}
 r - a potion of degeneration {unknown}


   Skills:
 + Level 4.4 Fighting
 * Level 4.8 Maces & Flails
 - Level 2.4 Dodging


You had 3 spell levels left.
You didn't know any spells.
Your spell library contained the following spells:

 Spells                   Type           Power      Damage    Failure   Level
 Summon Small Mammal      Summ           0%         N/A       56%         1
 Call Canine Familiar     Summ           0%         N/A       90%         3
 Summon Guardian Golem    Hex/Summ       0%         N/A       90%         3
 Petrify                  Tmut/Erth      0%         N/A       100%        4
 Irradiate                Conj/Tmut      0%         3d11      100%        5
 Sublimation of Blood     Necr           Unusable   N/A       N/A         2

Dungeon Overview and Level Annotations

Branches:
Dungeon (5/15)
 Temple: D:4-7

Altars:

Shops:
D:1 (


Innate Abilities, Weirdness & Mutations

You are immune to sickness and miasma.
Your stone body is resilient. (AC +3)
You are immune to poison.
You resist negative energy. (rN+)
You are resistant to electric shocks. (rElec)
You are resistant to unholy torment.
You are immune to petrification.


Message History

The orc priest barely misses you. The phantom hits you.
The phantom blinks!
You blink.
The orc priest hits you but does no damage.
You can't go up here!
The phantom barely misses you. The orc priest barely misses you.
The water moccasin bites you.
* * * LOW HITPOINT WARNING * * *
The phantom hits you but does no damage.
The water moccasin bites you but does no damage.
The orc priest misses you. The orc attacks as it pursues you!
The orc hits you with a +0 hand axe.
* * * LOW HITPOINT WARNING * * *
The water moccasin bites you but does no damage.
The orc wizard attacks as it pursues you!
The orc wizard hits you but does no damage.
The orc priest hits you but does no damage.
The water moccasin attacks as it pursues you!
The water moccasin bites you.
* * * LOW HITPOINT WARNING * * *
The orc priest hits you from afar with a +0 trident of freezing.
* * * LOW HITPOINT WARNING * * *
The orc priest freezes you.
* * * LOW HITPOINT WARNING * * *
The water moccasin barely misses you.
There is an escape hatch in the ceiling here.
The water moccasin bites you but does no damage.
The orc priest barely misses you. A mysterious force pulls you upwards.
The hatch slams shut behind you.
You hear the sound of rushing water.
There is an entrance to a sewer on this level.
Hurry and find it before the portal rusts away!
The iguana hisses angrily.
Found three items.
Unknown command.
Unknown command.
Unknown command.
You are confused.
You feel invigorated. The water moccasin closely misses you.
The centaur wields a +0 shortbow.
The centaur shoots an arrow.
The arrow hits you!
You die...

.# .#
##.####
......#
##......#
#.c.....#
#.S$....#
#@o...?.#
##......#
?...#l#
#####


You could see a water moccasin, a centaur, an iguana and an orc wizard.

Vanquished Creatures
  A hound (D:3)
  An adder (D:2)
  A worm (D:2)
  3 dart slugs
  2 orcs
  4 endoplasms
  2 giant cockroaches (D:1)
  7 goblins
  4 hobgoblins
  6 jackals (D:1)
  3 kobolds
  4 quokkas
  11 ball pythons
  3 bats (D:1)
  A frilled lizard (D:1)
  5 rats
58 creatures vanquished.

Vanquished Creatures (others)
  A rat (D:2)
1 creature vanquished.

Grand Total: 59 creatures vanquished

Notes
Turn   | Place    | Note
-------+----------+-------------------------------------------
     0 | D:1      | AtlasWard the Gargoyle Monk began the quest for the Orb.
     0 | D:1      | Reached XP level 1. HP: 14/14 MP: 1/1
   121 | D:1      | Reached XP level 2. HP: 18/19 MP: 2/2
   196 | D:1      | Found Tanutuis's Weapon Shoppe.
   284 | D:1      | Reached XP level 3. HP: 21/24 MP: 3/3
   840 | D:2      | Reached XP level 4. HP: 29/29 MP: 4/4
  1275 | D:3      | You fall into a shaft and drop 2 floors!
  1275 | D:5      | Entered Level 5 of the Dungeon
  1289 | D:5      | Noticed a phantom
  1290 | D:5      | Noticed a water moccasin
  1292 | D:5      | Noticed a scorpion
  1301 | D:4      | Noticed a centaur
  1302 | D:4      | Shot with an arrow by a centaur

Illustrated notes

Levels and vault maps discovered:
D:1:      onia_arrival_pentagram, layout_basic, serial_shops, shop, minivault_24
D:2:      layout_rooms
D:3:      layout_loops_ring, amcnicky_altar_gilded,
          nicolae_overflow_two_pavilions, uniq_jessica, uniq_grinder
D:4:      layout_loops_cross, yredelemnul_forgotten_temple_becter,
          portal_sewer_entry_d, sigmund_army
D:5:      layout_cave_pools, mainiacjoe_overflow_24_doors, slow_altar_1,
          makhleb_altar_promises_db, chequers_serial_rivers_large_b, uniq_ijyb,
          uniq_edmund, uniq_blork_the_orc

Skill      XL: |  1  2  3 |
---------------+----------+-----
Maces & Flails | 4 |  4.8
Fighting       | 4 |  4.4
Dodging        | |  2.4

Action                     |  1- 3 |  4- 6 || total
---------------------------+-------+-------++-------
  Melee: Mace              |   105 |     1 ||   106
         Hand axe          |       |    33 ||    33
    Use: Potion            |       |     1 ||     1
 Armour: Robe              |    50 |     2 ||    52
         Ring mail         |       |    12 ||    12
  Dodge: Dodged            |    99 |    31 ||   130

Table legend: (Time is in decaauts)
 A = Elapsed time spent in this place.
 B = Non-inter-level travel time spent in this place.
 C = Inter-level travel time spent in this place.
 D = Time resting spent in this place.
 E = Time spent auto-exploring this place.
 F = Levels seen in this place.
 G = Mean time per level.
                   A        B        C        D        E       F      G
               +--------+--------+--------+--------+--------+-----+--------+
         Total |   1330 |   1292 |     38 |      0 |    922 |   5 |  266.0 |
       Dungeon |   1330 |   1292 |     38 |      0 |    922 |   5 |  266.0 |
               +--------+--------+--------+--------+--------+-----+--------+

Top non-repeatable levels by time:
     D:1: 746 daAuts
     D:2: 484 daAuts
     D:3: 72 daAuts
     D:5: 26 daAuts
     D:4: 0 daAuts
